sharphack, neutral female sylph Ranger ---------- ------------ #-........| -------- |..........-# ###|.........##` +>.....| |...._.....|### * |........|## |......| |..........-############# ----------#du# #|......|############ ---.-------- ############# ## E #|......|# -.--- ## ###|......|# |...--- # #-...*..|# |.....| # #--------# |.....| # ############# #......| -.-.-- # ###|.....| |....| # # ------- -.....#### ###### # ### |.....| # ---------|-- ## # |.....| ##-..........| ---------# ### |.....+ `###|..........| |<......| # |.....| #|..........-############-....{...############ ------- #------------ --------- sharphack the Trailblazer Experience level: 9 Strength: 16 Dexterity: 14 Constitution: 15 Intelligence: 16 Wisdom: 14 Charisma: 8 Health: 0(66) Energy: 51(51) Def: 1 Gold: 0 Moves: 13736 Dungeon seed: GcAoXvbVGOm5QZTD Game ID: sharphack_1452111786 Your Inventory: Amulets T - an uncursed amulet of reflection named noncursed (being worn) Weapons b - a blessed +2 bow (alternate weapon; not wielded) l - 60 uncursed +0 arrows (in quiver) S - a blessed +1 dagger named +1 (weapon in hand) Armor e - a blessed +0 cloak of invisibility (being worn) q - an uncursed +2 cloak of displacement Wands g - an uncursed wand of slow monster (0:3) D - an uncursed wand of striking (0:6) K - an uncursed wand of digging (0:5) Tools a - a cursed magic lamp (lit) k - an uncursed skeleton key B - an uncursed bag of holding Contents of the bag of holding: 3062 gold pieces an uncursed amulet versus poison named noncursed 56 uncursed +2 arrows 33 uncursed +0 arrows 110 uncursed +0 arrows 7 cursed -2 arrows 2 blessed +0 daggers 4 uncursed +0 daggers 4 uncursed +0 elven arrows an uncursed +0 elven bow an uncursed +0 elven broadsword an uncursed +0 elven broadsword an uncursed +0 elven dagger an uncursed +0 sling an uncursed +1 elven cloak an uncursed +0 elven leather helm an uncursed +0 elven leather helm an uncursed +2 elven mithril-coat an uncursed +0 elven mithril-coat an uncursed +1 oilskin cloak an uncursed +0 pair of elven boots 2 uncursed bananas an uncursed cherry 7 uncursed cram rations 3 uncursed cream pies 3 uncursed eggs 3 uncursed eucalyptus leaves 6 uncursed food rations an uncursed lembas wafer 2 uncursed oranges an uncursed sprig of wolfsbane 4 uncursed tripe rations an uncursed scroll of blank paper a blessed scroll of earth a blessed scroll of fire an uncursed scroll of fire an uncursed scroll of food detection 2 uncursed scrolls of remove curse an uncursed scroll of teleportation an uncursed spellbook of light a cursed potion of booze an uncursed potion of gain ability a blessed potion of healing an uncursed potion of object detection an uncursed potion of paralysis an uncursed potion of restore ability an uncursed potion of sickness a cursed potion of sleeping an uncursed potion of water a blessed +1 ring of increase accuracy an uncursed ring of levitation a cursed ring of polymorph an uncursed wand of enlightenment (0:10) an uncursed wand of polymorph (0:3) a cursed wand of secret door detection (0:13) an uncursed wand of speed monster (0:5) an uncursed wand of striking (0:8) an uncursed wand of striking (0:4) an uncursed blindfold an uncursed can of grease (0:1) an uncursed lock pick a blessed oil lamp (0:1246) a cursed oil lamp (0:1426) an uncursed +0 pick-axe an uncursed skeleton key 5 uncursed tallow candles (0:200) an uncursed tinning kit (0:73) an uncursed agate stone 5 uncursed worthless pieces of black glass 4 uncursed worthless pieces of blue glass an uncursed worthless piece of orange glass an uncursed worthless piece of white glass 6 uncursed worthless pieces of yellow glass 4 uncursed worthless pieces of yellowish brown glass Spells and supernatural/magical abilities: Name Level Category Fail Memory W - pray for help -- divine ? -- Your skills at the end: Miscellaneous Skills wands [Basic] Weapon Skills dagger [Expert] bow [Skilled] Spellcasting Skills Final Attributes: You were fervently aligned. You were poison resistant. You saw invisible. You had automatic searching. You had infravision. You were invisible to others. You were stealthy. You were protected from shape changers. You had reflection. You are dead. Vanquished creatures: 2 giant mimics 2 large mimics a large dog a freezing sphere a flaming sphere a chameleon 3 giants a wraith a cockatrice 2 leprechauns 2 quivering blobs a mountain nymph 2 black lights a forest centaur a gnome king 2 gold golems a dog 3 dingos a jaguar a dwarf lord a blue jelly a human zombie a rope golem 4 Woodland-elves 2 bugbears 3 imps 2 baby crocodiles a wood nymph 3 Mordor orcs 2 orc shamans 3 fog clouds 2 yellow lights 3 shriekers a violet fungus 3 gnome lords 3 gnomish wizards 4 gray oozes 4 elf zombies a ghoul 2 straw golems a giant ant 2 little dogs a floating eye a kitten 10 dwarves 4 homunculi a kobold lord 2 kobold shamans 5 iguanas 37 hill orcs 11 rothes 2 rabid rats a centipede 2 monkeys 10 orc zombies 2 wererats 3 killer bees 2 coyotes 3 gas spores 6 hobbits 4 acid blobs 3 large kobolds 2 geckos 7 hobgoblins 5 giant rats a cave spider a green mold 2 red molds 20 gnomes 7 garter snakes a gnome zombie 13 jackals 2 foxes 3 kobolds 10 newts 9 goblins 13 sewer rats 12 grid bugs 6 lichens 6 kobold zombies 309 creatures vanquished. Voluntary challenges: You were vegetarian. You had followed a strict vegan diet until turn 3342. You had been an atheist until turn 2815. You used a wielded weapon 365 times, starting on turn 82. You did not apply a unicorn horn. You read items or engraved 6 times, starting on turn 3430. You never genocided any monsters. You never polymorphed an object. You never changed form. You completed Sokoban on turn 9892, according to the rules. You used no wishes. You never split a pudding. You wrote Elbereth's name 6 times, starting on turn 3430. You violated your moral code, losing 4 points of alignment, starting on turn 3023. Dungeon overview: The Dungeons of Doom: levels 1 to 12 Level 1 a fountain a long staircase Level 2 a delicatessen, a fountain Level 3 stairs to The Gnomish Mines Level 4 a fountain Level 5 some fountains Level 6 stairs to Sokoban Level 7 an altar to Mars, some fountains, a throne Level 8 some fountains Level 9 a general store, some fountains Level 10 <- You were here a temple to Mercury, a fountain Level 11 Level 12 The Gnomish Mines: levels 4 to 7 Level 4 stairs to The Dungeons of Doom Level 5 Level 6 some shops, a temple to Venus, a magic chest, some fountains Level 7 Sokoban: levels 2 to 5 Level 2 a magic chest Level 3 Level 4 Level 5 a magic chest stairs to The Dungeons of Doom History has recorded: On T:1 you entered the Dungeons of Doom to retrieve the Amulet of Yendor! On T:507 you reached level 2 of The Dungeons of Doom. On T:555 you reached level 3 of The Dungeons of Doom. On T:595 you reached level 1 of The Gnomish Mines. On T:731 you advanced to experience level 2. On T:749 you reached level 4 of The Dungeons of Doom. On T:1519 you advanced to experience level 3. On T:1649 you advanced to experience level 4. On T:1700 you reached level 2 of The Gnomish Mines. On T:2251 you advanced to experience level 5. On T:2389 you reached level 3 of The Gnomish Mines. On T:2810 you entered the Minetown temple On T:2906 you advanced to experience level 6. On T:2920 you opened a magic chest. On T:2924 you opened a magic chest. On T:3393 you opened a magic chest. On T:3396 you opened a magic chest. On T:3733 you reached level 4 of The Gnomish Mines. On T:3953 you opened a magic chest. On T:4372 you advanced to experience level 7. On T:4693 you reached level 5 of The Dungeons of Doom. On T:4907 you reached level 6 of The Dungeons of Doom. On T:5047 you reached level 7 of The Dungeons of Doom. On T:5138 you reached level 4 of Sokoban. On T:5362 you opened a magic chest. On T:5656 you reached level 3 of Sokoban. On T:6791 you reached level 2 of Sokoban. On T:7930 you reached level 1 of Sokoban. On T:7959 you advanced to experience level 8. On T:9892 you advanced to experience level 9. On T:9892 you entered the Sokoban zoo. On T:10081 you opened a magic chest. On T:10083 you opened a magic chest. On T:10084 you opened a magic chest. On T:10121 you opened a magic chest. On T:10170 you opened a magic chest. On T:10173 you opened a magic chest. On T:10976 you reached level 8 of The Dungeons of Doom. On T:11146 you reached level 9 of The Dungeons of Doom. On T:11456 you reached level 10 of The Dungeons of Doom. On T:12958 you reached level 11 of The Dungeons of Doom. On T:13005 you reached level 12 of The Dungeons of Doom. Score breakdown: Gold: 3062 ( 306 points) Experience: 9 levels ( 800 points) Exploration: 12 levels ( 330 points) Discoveries: 23 items ( 1150 points) Variety of kills: 80 monsters ( 2000 points) Major goal: finished Sokoban ( 1000 points) Survival: died (score multiplied by 3) Total score: 16758 Latest messages: You stab the white unicorn! The white unicorn butts! The white unicorn kicks! The white unicorn butts! The white unicorn kicks! Polaris misses the white unicorn. The white unicorn butts! You die... Final status: Goodbye sharphack the Ranger, killed by a white unicorn... You died in The Dungeons of Doom on dungeon level 10 with 16758 points, and 3062 pieces of gold, after 13736 moves. You were level 9 with a maximum of 66 hit points when you died.